 Dungeon Crawl Stone Soup version 0.22.1-2-g9c5b331 (webtiles) character file.

1 MalarOregon the Magician (level 1, 0/13 HPs)
             Began as a Merfolk Wizard on Nov 23, 2018.
             Slain by a jackal (2 damage)
             ... on level 1 of the Dungeon.
             The game lasted 00:00:39 (72 turns).

MalarOregon the Magician (Merfolk Wizard)             Turns: 72, Time: 00:00:39

Health: 0/13       AC:  2    Str:  7    XL:     1   Next: 20%
Magic:  3/4        EV: 13    Int: 17    God:
Gold:   0          SH:  0    Dex: 12    Spells: 5/6 levels left

rFire    . . .     SeeInvis .   (no weapon)
rCold    . . .     Gourm    .   (no shield)
rNeg     . . .     Faith    .   a - +0 robe
rPois    .         Spirit   .   b - +0 hat
rElec    .         Reflect  .   (no cloak)
rCorr    .         Harm     .   (no gloves)
MR       .....                  (no boots)
Stlth    ++........             (no amulet)
HPRegen  0.04/turn              (no ring)
MPRegen  0.09/turn              (no ring)

@: no status effects
A: change form in water, swift swim, stealthy swim
a: no special abilities


You were on level 1 of the Dungeon.
You were not hungry.

You visited 1 branch of the dungeon, and saw 1 of its levels.

Inventory:

Armour
 a - a +0 robe (worn)
 b - a +0 hat (worn)
Comestibles
 e - a ration {!d}


   Skills:
 + Level 0.1 Fighting
 + Level 2.7 Dodging
 - Level 2.1 Stealth
 + Level 3.0 Spellcasting
 + Level 0.8 Conjurations
   Level 1.0 Summonings
   Level 0.7 Translocations


You had 5 spell levels left.
You knew the following spells:

 Your Spells              Type           Power        Failure   Level  Hunger
a - Magic Dart            Conj           #...         13%         1    None

Your spell library contained the following spells:

 Spells                   Type           Power        Failure   Level  Hunger
 Call Imp                 Summ           #.......     17%         2    ##.....
 Blink                    Tloc           N/A          21%         2    ##.....
 Slow                     Hex            #.......     26%         2    ##.....
 Conjure Flame            Conj/Fire      #.......     41%         3    ###....
 Mephitic Cloud           Conj/Pois/Air  #.......     43%         3    ###....


Dungeon Overview and Level Annotations

Branches:
Dungeon (1/15)

Altars:


Message History

You are very lightly contaminated with residual magic.
Nothing appears to happen.
You start resting.
The hobgoblin is too close now for your liking.
Aim: a hobgoblin (heavily wounded)
The magic dart hits the hobgoblin.
Aim: a hobgoblin (heavily wounded)
The magic dart hits the hobgoblin.
The hobgoblin closely misses you.
You closely miss the hobgoblin. The hobgoblin misses you.
You hit the hobgoblin.
You kill the hobgoblin!
Aim: a dart slug (clinging)
You miscast Magic Dart.
Wisps of smoke drift from your hands. The dart slug launches a dart at you.
The slug dart hits you!
There is an open door here.
You close the door.
You start resting.
A kobold opens the door.
It is wielding a short sword of protection.
A kobold is nearby!
Aim: a kobold, wielding a short sword of protection (hasn't noticed you)
The magic dart hits the kobold.
The kobold shouts!
There is a staircase leading out of the dungeon here.
You closely miss the kobold.
The kobold hits you with a short sword of protection.
* * * LOW HITPOINT WARNING * * *
The kobold barely misses you.
Unknown command.
The kobold hits you with a short sword of protection.
* * * LOW HITPOINT WARNING * * *
There is an open door, spattered with blood here.
Aim: a kobold, wielding a short sword of protection
Okay, then.
A jackal and a kobold come into view.
A jackal comes into view.
Your magical contamination has completely faded away.
The jackal barks!
Found a bubbling orange potion.
Found a stone staircase leading down.
The jackal barks!
The kobold closely misses you.
A jackal comes into view.
A jackal comes into view.
Found 15 stones.
A kobold comes into view.
The kobold shouts!
The kobold moves out of view.
There is a stone staircase leading down here.
The kobold misses you. The jackal bites you.
You die...

##.####..#.########
##....###.....#
#.........###K#
##........# #.#
#........###.#
#..........#.##
#......>K.h...#
#.......h#.#..#
#....K.@.#.#..#
.....##......h#
..... #.##.....
.... ..###...#. ...
.... ..h..(. ...
.... ...#.#. .###
## .#


You could see 4 jackals and 2 kobolds.

Vanquished Creatures
  A hobgoblin (D:1)
1 creature vanquished.

Notes
Turn   | Place    | Note
-------+----------+-------------------------------------------
     0 | D:1      | MalarOregon the Merfolk Wizard began the quest for the Orb.
     0 | D:1      | Reached XP level 1. HP: 13/13 MP: 4/4
    72 | D:1      | Slain by a jackal

Action                   || total
-------------------------++-------
Melee: Unarmed           ||     3
 Cast: Magic Dart        ||     4
Dodge: Dodged            ||     5
